 Dungeon Crawl Stone Soup version 0.26-a0-774-g1415c89e12 (webtiles) character file.

Game seed: 8312727310606935072

13006 Decritt the Protected (level 12, -1/77 HPs)
             Began as a Gargoyle Fighter on Nov 7, 2020.
             Was a Priest of Qazlal.
             Slain by a komodo dragon (11 damage)
             ... on level 2 of the Lair of Beasts on Nov 9, 2020.
             The game lasted 00:41:05 (16689 turns).

Decritt the Protected (Gargoyle Fighter)           Turns: 16689, Time: 00:41:06

Health: -1/77      AC: 26    Str: 24    XL:     12   Next: 1%
Magic:  18/18      EV:  8    Int: 10    God:    Qazlal [***...]
Gold:   760        SH: 15    Dex: 14    Spells: 11/11 levels left

rFire    . . .     SeeInvis .   x - +1 war axe of Defence by Offence {holy, Dex+5}
rCold    . . .     Faith    .   c - +0 kite shield
rNeg     + . .     Spirit   .   G - +0 scale mail {MR+}
rPois    ∞         Reflect  .   (no helmet)
rElec    +         Harm     .   k - +1 cloak
rCorr    +         Rampage  .   D - +0 pair of gloves
MR       +....                  z - +0 pair of boots
Stlth    ..........             q - amulet of the acrobat
HPRegen  0.22/turn              L - ring of resist corrosion
MPRegen  0.16/turn              K - +4 ring of protection

@: no status effects
A: negative energy resistance 1, electricity resistance, unbreathing,
petrification resistance, rot immunity, AC +8
a: Upheaval, Elemental Force, Renounce Religion


You were on level 2 of the Lair of Beasts.
You worshipped Qazlal.
Qazlal was most pleased with you.
You visited 2 branches of the dungeon, and saw 12 of its levels.
You also visited: Sewer.

You collected 760 gold pieces.

Inventory:

Hand Weapons
 a - a +1 flail
 x - the +1 war axe of Defence by Offence (weapon) {holy, Dex+5}
   (You found it on level 7 of the Dungeon)

   It has been blessed by the Shining One to cause great damage to the undead
   and demons.
   It affects your dexterity (+5).
Missiles
 n - 68 poisoned darts (quivered)
 t - 11 javelins
Armour
 c - a +0 kite shield (worn)
 k - a +1 cloak (worn)
 z - a +0 pair of boots (worn)
 C - a +0 plate armour
 D - a +0 pair of gloves (worn)
 G - a +0 scale mail of magic resistance (worn)
Jewellery
 o - an uncursed ring of magical power
 q - an amulet of the acrobat (around neck)
 K - a +4 ring of protection (right hand)
 L - a ring of resist corrosion (left hand)
Wands
 B - a wand of paralysis (35)
 H - a wand of digging (9)
Scrolls
 f - 9 scrolls of remove curse
 i - 12 scrolls of teleportation
 j - a scroll of fog
 l - 2 scrolls of fear
 r - a scroll of identify
 s - 3 scrolls of amnesia
 y - 2 scrolls of magic mapping
 A - 3 scrolls of blinking
 F - a scroll of enchant armour
 J - a scroll of enchant weapon
Potions
 b - 8 potions of curing
 d - 5 potions of might
 e - 9 potions of flight
 g - a potion of mutation {unknown}
 h - a potion of attraction {unknown}
 m - 3 potions of magic
 p - a potion of cancellation {unknown}
 u - 2 potions of heal wounds {unknown}
 v - 6 potions of lignification {unknown}
 w - a potion of haste {unknown}
 E - a potion of ambrosia {unknown}
 I - a potion of degeneration {unknown}


   Skills:
 + Level 9.8 Fighting
 * Level 9.8 Maces & Flails
 + Level 10.1 Armour
 + Level 8.8 Shields
 * Level 9.0 Invocations


You had 11 spell levels left.
You didn't know any spells.
Your spell library contained the following spells:

 Spells                   Type           Power        Failure   Level
 Corona                   Hex            #......      87%         1
 Summon Small Mammal      Summ           #...         87%         1
 Call Imp                 Summ           #.......     95%         2
 Slow                     Hex            #.......     95%         2
 Call Canine Familiar     Summ           #.......     99%         3
 Inner Flame              Hex/Fire       #.......     99%         3
 Portal Projectile        Hex/Tloc       #.....       99%         3
 Summon Guardian Golem    Hex/Summ       #.......     99%         3
 Cause Fear               Hex            #.........   100%        4
 Leda's Liquefaction      Hex/Erth       #.........   100%        4
 Summon Ice Beast         Ice/Summ       #.......     100%        4
 Summon Lightning Spire   Summ/Air       #.......     100%        4


Dungeon Overview and Level Annotations

Branches:
Dungeon (9/15)             Temple (0/1) D:7            Lair (3/6) D:9
 Spider (0/4) Lair:2        Sewer (visited)
  Swamp: Lair:2-4    Shoals: Lair:2-4       Orc: D:9-12

Altars:
Dithmenos
Elyvilon
Fedhas
Gozag
Hepliaklqana
Kikubaaqudgha
Okawaru
Qazlal
Ru
Sif Muna
Trog
Xom
Yredelemnul
Zin


Innate Abilities, Weirdness & Mutations

You are resistant to torment.
Your stone body is resilient. (AC +8)
You are immune to poison.
You resist negative energy. (rN+)
You are resistant to electric shocks. (rElec)
You can survive without breathing.
You are immune to petrification.
You are immune to rotting.


Message History

The komodo dragon is severely wounded.
You miss the blink frog. The blink frog completely misses you.
The komodo dragon bites you but does no damage.
You block the blink frog's attack. You block the komodo dragon's attack.
You slash the komodo dragon!
The komodo dragon is almost dead.
You miss the blink frog.
The blink frog hits you but does no damage.
You block the komodo dragon's attack. The blink frog hits you!
* * * LOW HITPOINT WARNING * * *
The blink frog blinks!
You hit the komodo dragon but do no damage.
The komodo dragon is almost dead.
You block the komodo dragon's attack.
You hit the komodo dragon.
The komodo dragon is almost dead.
The komodo dragon bites you!!
* * * LOW HITPOINT WARNING * * *
The komodo dragon bites you!
You die...

##########........#
##P..## ##P.......###
#.....# #### #..........#
####.## #P.##
##..........## ##.#
....### #...........P#
#..
......####.......[..##
##.
.........#..........## ##
.....................#
#.##P........F..@....#
##########.....§l....####
#...........#.P##
#...............####
##..........##.....#
#..........###..###
#.........P# ####
##........###
#..........#


You could see a komodo dragon and a blink frog.

Vanquished Creatures
  Harold (Lair:2)
  A two-headed ogre (D:9)
  Nergalle (Lair:3)
  Pikel (D:7)
  3 cane toads
  2 komodo dragons
  2 rime drakes
  A troll (D:9)
  Prince Ribbit (D:7)
  2 blink frogs (Lair:2)
  2 redbacks (Lair:2)
  A basilisk (Lair:3)
  25 yaks
  Menkaure (D:7)
  5 water moccasins
  2 ice beasts
  A black bear (D:9)
  An orc warrior (D:8)
  An ogre (D:9)
  2 sky beasts
  A phantom (D:8)
  5 wolves (D:9)
  2 centaurs
  A lemure (D:7)
  2 big kobolds
  A gnoll sergeant (D:8)
  5 bullfrogs
  A scorpion (D:9)
  4 wights (D:9)
  A howler monkey (D:5)
  An electric eel (D:9)
  A bullfrog zombie (D:9)
  6 hounds
  A jelly (D:8)
  3 orc priests
  7 orc wizards
  A centaur skeleton (D:5)
  3 iguanas
  5 worker ants
  A hound zombie (D:8)
  8 gnolls
  A howler monkey skeleton (D:5)
  11 adders
  2 river rats
  A shadow imp (D:5)
  A white imp (D:8)
  2 ufetubi
  3 oozes (Sewer)
  7 worms
  4 dart slugs
  7 leopard geckos
  25 orcs
  4 ball pythons
  3 giant cockroaches
  13 hobgoblins
  5 jackals
  21 kobolds
  6 quokkas
  4 bats
  3 frilled lizards
  9 goblins
  A leopard gecko skeleton (D:4)
  A quokka skeleton (D:7)
  14 rats
264 creatures vanquished.

Vanquished Creatures (others)
  An orc wizard (D:5)
  7 fungi
  23 plants
  A withered plant (D:5)
32 creatures vanquished.

Grand Total: 296 creatures vanquished

Notes
Turn   | Place    | Note
-------+----------+-------------------------------------------
     0 | D:1      | Decritt the Gargoyle Fighter began the quest for the Orb.
     0 | D:1      | Reached XP level 1. HP: 14/14 MP: 1/1
   138 | D:1      | Reached XP level 2. HP: 19/19 MP: 2/2
   416 | D:1      | Reached XP level 3. HP: 22/23 MP: 3/3
   732 | D:2      | Reached skill level 4 in Armour
   822 | D:2      | Found a bloodstained altar of Trog.
   893 | D:2      | Reached XP level 4. HP: 24/29 MP: 4/4
  1374 | D:3      | Found an iron altar of Okawaru.
  1406 | D:3      | Reached XP level 5. HP: 33/33 MP: 5/5
  1670 | D:3      | Found a basalt altar of Yredelemnul.
  2162 | D:4      | Reached XP level 6. HP: 24/38 MP: 6/6
  2318 | D:4      | Found a glowing drain.
  2340 | Sewer    | Entered a sewer
  2633 | Sewer    | Reached skill level 5 in Armour
  2909 | D:4      | Reached XP level 7. HP: 24/44 MP: 7/7
  3130 | D:4      | Found a stormy altar of Qazlal.
  3169 | D:4      | Upgraded the game from 0.26-a0-753-g4680b4fa2e to
                  | 0.26-a0-774-g1415c89e12
  3169 | D:4      | Became a worshipper of Qazlal Stormbringer
  3629 | D:5      | Entered Level 5 of the Dungeon
  4518 | D:5      | Reached skill level 5 in Fighting
  4518 | D:5      | Reached skill level 5 in Maces & Flails
  4788 | D:5      | Reached skill level 5 in Shields
  4788 | D:5      | Reached skill level 1 in Invocations
  4790 | D:5      | Found a blossoming altar of Fedhas.
  4791 | D:5      | Found an ancient bone altar of Kikubaaqudgha.
  4804 | D:5      | Found a shadowy altar of Dithmenos.
  5295 | D:5      | Found a glowing silver altar of Zin.
  5295 | D:5      | Found a white marble altar of Elyvilon.
  5296 | D:5      | Found a sacrificial altar of Ru.
  5468 | D:5      | Reached XP level 8. HP: 31/50 MP: 9/9
  6195 | D:6      | Found an opulent altar of Gozag.
  6220 | D:6      | Reached skill level 6 in Armour
  6394 | D:6      | Reached * piety under Qazlal
  6825 | D:7      | Got a steaming war axe
  6825 | D:7      | Identified the +1 war axe of Defence by Offence {holy,
                  | Dex+5} (You found it on level 7 of the Dungeon)
  6903 | D:7      | Found a staircase to the Ecumenical Temple.
  6946 | D:7      | Noticed Pikel
  6967 | D:7      | Killed Pikel
  7057 | D:7      | Reached skill level 7 in Armour
  7064 | D:7      | Reached XP level 9. HP: 53/56 MP: 11/11
  7100 | D:7      | Found a hazy altar of Hepliaklqana.
  7218 | D:7      | Noticed Menkaure
  7229 | D:7      | Killed Menkaure
  7326 | D:7      | Noticed Prince Ribbit
  7353 | D:7      | Killed Prince Ribbit
  8282 | D:8      | Found an opulent altar of Gozag.
  8428 | D:8      | Reached skill level 8 in Armour
  8559 | D:8      | Reached ** piety under Qazlal
  8645 | D:8      | Found a shimmering blue altar of Sif Muna.
  9265 | D:8      | Got an encrusted ring mail
  9275 | D:8      | Identified the +3 ring mail of Pathos {rElec MP+9 Int-4
                  | Stlth+} (You found it on level 8 of the Dungeon)
  9912 | D:9      | Reached XP level 10. HP: 64/64 MP: 13/13
  9986 | D:9      | Reached skill level 5 in Invocations
 10060 | D:9      | Found a staircase to the Lair.
 10256 | D:9      | Noticed a two-headed ogre
 10267 | D:9      | Killed a two-headed ogre
 10855 | D:9      | Found a shimmering altar of Xom.
 11256 | Lair:1   | Entered Level 1 of the Lair of Beasts
 11393 | Lair:1   | Noticed a cane toad
 11401 | Lair:1   | Killed a cane toad
 11401 | Lair:1   | Reached skill level 9 in Armour
 11622 | Lair:1   | Noticed a cane toad
 11637 | Lair:1   | Killed a cane toad
 13318 | Lair:2   | Noticed a cane toad
 13331 | Lair:2   | Killed a cane toad
 13425 | Lair:2   | Reached XP level 11. HP: 71/71 MP: 16/16
 13950 | Lair:2   | You fall into a shaft and drop 1 floor!
 14050 | Lair:3   | Noticed Nergalle
 14090 | Lair:3   | Killed Nergalle
 14628 | Lair:2   | Noticed Harold
 14650 | Lair:2   | Killed Harold
 15182 | Lair:2   | Found a hole to the Spider Nest.
 15334 | Lair:2   | Reached *** piety under Qazlal
 15603 | Lair:2   | Reached skill level 10 in Armour
 16285 | Lair:2   | Reached XP level 12. HP: 74/77 MP: 18/18
 16689 | Lair:2   | Slain by a komodo dragon

Illustrated notes

Levels and vault maps discovered:
D:1:      mushboom_english_gardens, layout_basic, serial_glass, glass_columns_b,
          glass_columns_b, glass_columns_a, glass_columns_a, glass_columns_a,
          glass_columns_a, glass_columns_a, glass_columns_a, glass_columns_a,
          glass_columns_b, minmay_strange_pillars, item_on_display_a,
          due_unseen_surprise
D:2:      layout_rooms, marbit_many_paths, st_stairs_10
D:3:      minmay_wonky_spiral, layout_basic, nicolae_overflow_crystal_walls,
          okawaru_trees_1
D:4:      layout_cave_pools, lemuel_crystal_altar, portal_sewer_entry_b
D:5:      layout_loops_corners, grunt_temple_overflow_growth_and_decay,
          nicolae_dithmenos_shadow_blocks, gammafunk_temple_overflow_claw
D:6:      layout_rooms, grunt_gozag_statues
D:7:      layout_basic, lemuel_doored_altar,
          minmay_temple_entry_enclosed_plants, uniq_menkaure,
          uniq_prince_ribbit1, uniq_pikel
D:8:      lemuel_ice_statue, layout_loops_corners, old_standard_altar,
          led_sif_book
D:9:      layout_gridville, nicolae_overflow_hidden_temple, erik_lair_island
Lair:1:   layout_layer_cave, chequers_serial_rivers_micro_e
Lair:2:   layout_hall_layers, spider_nest_entry_webs, uniq_harold
Lair:3:   gammafunk_indiana_jones, layout_chaotic_city, serial_bayou_shore_a,
          grunt_megastairs_5, lemuel_fruit_tree, uniq_nergalle

Skill      XL: |  1  2  3  4  5  6  7  8  9 10 11 |
---------------+----------------------------------+-----
Armour         | 4 5 7 8 9 10 | 10.1
Maces & Flails | 3 4 5 6 8 9 |  9.8
Fighting       | 4 5 6 8 9 |  9.8
Shields        | 4 5 6 7 8 |  8.8
Invocations    | 1 3 4 6 9 |  9.0

Action                   |  1- 3 |  4- 6 |  7- 9 | 10-12 || total
-------------------------+-------+-------+-------+-------++-------
Melee: Flail             |   124 |   213 |   207 |       ||   544
       War axe           |       |       |   173 |   336 ||   509
Throw: Boomerang         |    25 |    17 |       |       ||    42
       Dart              |       |   136 |   154 |   121 ||   411
Invok: Upheaval          |       |       |       |     2 ||     2
  Use: Scroll            |       |     8 |     6 |       ||    14
       Potion            |       |     1 |     2 |       ||     3
Armor: Scale mail        |    77 |    53 |       |   175 ||   305
       Chain mail        |       |    77 |   206 |       ||   283
       Plate armour      |       |       |    40 |    71 ||   111
Dodge: Dodged            |    52 |    58 |    72 |   116 ||   298
Block: Kite shield       |    83 |    98 |   218 |   353 ||   752

Table legend: (Time is in decaauts)
 A = Elapsed time spent in this place.
 B = Non-inter-level travel time spent in this place.
 C = Inter-level travel time spent in this place.
 D = Time resting spent in this place.
 E = Time spent auto-exploring this place.
 F = Levels seen in this place.
 G = Mean time per level.
                   A        B        C        D        E       F      G
               +--------+--------+--------+--------+--------+-----+--------+
         Total |  17154 |  16883 |    271 |   4811 |   8509 |  13 | 1319.5 |
       Dungeon |  11154 |  10955 |    199 |   2410 |   6026 |   9 | 1239.3 |
          Lair |   5518 |   5446 |     72 |   2401 |   2221 |   3 | 1839.3 |
         Sewer |    482 |    482 |      0 |      0 |    261 |   1 |  482.0 |
               +--------+--------+--------+--------+--------+-----+--------+

Top non-repeatable levels by time:
  Lair:2: 2942 daAuts
     D:5: 2333 daAuts
     D:7: 2151 daAuts
  Lair:1: 1920 daAuts
     D:9: 1475 daAuts
     D:3: 1131 daAuts
     D:8: 1101 daAuts
     D:4: 1050 daAuts
     D:1: 731 daAuts
  Lair:3: 655 daAuts
     D:2: 597 daAuts
     D:6: 582 daAuts
   Sewer: 482 daAuts
